 Dungeon Crawl Stone Soup version 0.21-a0-401-g0b6bec4 (webtiles) character file.

4407 FrankyJ the Destroyer (level 10, -1/75 HPs)
             Began as a Kobold Conjurer on Oct 24, 2017.
             Was a Priest of Vehumet.
             Slain by a yak (4 damage)
             ... on level 8 of the Dungeon.
             The game lasted 00:40:52 (10598 turns).

FrankyJ the Destroyer (Kobold Conjurer)            Turns: 10598, Time: 00:40:53

Health: -1/75      AC: 14    Str: 12    XL:     10   Next: 62%
Magic:  23/23      EV: 22    Int: 18    God:    Vehumet [***...]
Gold:   322        SH:  0    Dex: 16    Spells: 7/28 levels left

rFire    + . .     SeeInvis .   o - +3 dagger (protect)
rCold    . . .     Gourm    .   (shield restricted)
rNeg     . . .     Faith    .   K - +2 robe {rF+}
rPois    +         Spirit   .   B - +2 helmet
rElec    .         Reflect  .   (no cloak)
rCorr    .         Harm     .   (no gloves)
MR       .....                  (no boots)
Stlth    ..........             h - amulet of regeneration
HPRegen  0.62/turn              M - ring of poison resistance
MPRegen  0.18/turn              p - +3 ring of evasion

@: berserking, protection aura, very quick
A: carnivore 3
a: Renounce Religion


You were on level 8 of the Dungeon.
You worshipped Vehumet.
Vehumet was most pleased with you.
You were completely stuffed.

You visited 3 branches of the dungeon, and saw 10 of its levels.
You also visited: Ossuary.

You collected 322 gold pieces.

Inventory:

Hand Weapons
 i - a +1 dagger of holy wrath
 o - a +3 dagger of protection (weapon)
 u - a +1 short sword of speed
 y - a +0 blowgun
 F - a +0 hand axe
 H - a +2 short sword of flaming
Missiles
 v - a throwing net (quivered)
 z - 41 poisoned needles
 E - 8 tomahawks
Armour
 a - a +1 robe
 B - a +2 helmet (worn)
 K - a +2 robe of fire resistance (worn)
Jewellery
 e - an uncursed ring of flight
 h - an amulet of regeneration (around neck)
 p - a +3 ring of evasion (right hand)
 x - an uncursed ring of protection from magic
 J - an uncursed ring of fire
 M - a ring of poison resistance (left hand)
 O - a +5 ring of intelligence {unknown}
Wands
 j - a wand of acid (11/15)
 G - a wand of flame (16/48)
Scrolls
 g - a scroll of identify
 m - a scroll of magic mapping
 s - a scroll of recharging
 A - a scroll of amnesia
 D - 5 scrolls of remove curse
 L - a scroll of enchant weapon
 N - a scroll of fog
Potions
 d - 2 potions of agility
 f - a potion of invisibility {unknown}
 k - 3 potions of flight
 l - 4 potions of curing
 n - 3 potions of heal wounds
 r - 4 potions of lignification
 w - 2 potions of haste
 C - a potion of ambrosia
 I - a potion of brilliance
Books
 b - a book of Conjurations

   Spells                             Type                      Level
   a - Magic Dart                     Conjuration                  1
   b - Searing Ray                    Conjuration                  2
   c - Dazzling Spray                 Conjuration/Hexes            3
   d - Fulminant Prism                Conjuration/Hexes            4
   e - Force Lance                    Conjuration/Translocation    4
   f - Iskenderun's Mystic Blast      Conjuration                  4
Comestibles
 c - 5 meat rations
 t - a royal jelly
 P - 10 chunks of flesh


   Skills:
 - Level 6.0 Dodging
 - Level 3.1 Stealth
 + Level 9.7 Spellcasting
 - Level 11.1 Conjurations


You had 7 spell levels left.
You knew the following spells:

 Your Spells              Type           Power        Failure   Level  Hunger
a - Magic Dart            Conj           ####         1%          1    None
b - Searing Ray           Conj           #####.       1%          2    None
c - Fulminant Prism       Conj/Hex       ####......   2%          4    ###....
d - Force Lance           Conj/Tloc      ####....     2%          4    ###....
e - Flame Tongue          Conj/Fire      ####.        1%          1    None
f - Iskenderun's Mystic   Conj           #####...     1%          4    ###....
g - Throw Flame           Conj/Fire      ####..       1%          2    None
h - Ignite Poison         Fire/Tmut/Pois #.......     7%          3    None


Dungeon Overview and Level Annotations

Branches:
Dungeon (8/15)             Temple (1/1) D:5            Lair (1/6) D:8

Altars:
Ashenzari
Cheibriados
Dithmenos
Elyvilon
Fedhas
Gozag
Hepliaklqana
Kikubaaqudgha
Makhleb
Nemelex Xobeh
Okawaru
Qazlal
Ru
Sif Muna
Trog
Uskayaw
Vehumet
Wu Jian
Xom
Yredelemnul
Zin
The Shining One


Innate Abilities, Weirdness & Mutations

You are small and have problems with some larger weapons.
You are carnivorous and can eat meat at any time.


Message History

You puncture the yak!
Your weapon exudes an aura of protection.
The yak is lightly wounded.
You closely miss the yak.
The yak is lightly wounded.
The yak gores you but does no damage. The yak gores you!
* * * LOW HITPOINT WARNING * * *
The yak gores you but does no damage. The yak misses you. The yak gores you.
* * * LOW HITPOINT WARNING * * *
You puncture the yak!
The yak is heavily wounded.
The yak misses you. The yak gores you but does no damage.
The yak closely misses you. The yak gores you but does no damage.
The yak barely misses you.
You puncture the yak!
The yak is severely wounded.
You hit the yak.
The yak is severely wounded.
The yak barely misses you. The yak gores you.
You die...

.### #.#
# .# #.#
#.# #.#
#.# #.#
#######.#
#YYY....#
#Y@######
#Y## #รท#
#.# #.#
#.# ...
?.. #...#


You could see 5 yaks.

Vanquished Creatures
  Pikel (D:8)
  Joseph (D:8)
  Prince Ribbit (D:6)
  3 yaks (D:8)
  A wyvern (D:6)
  A water moccasin (D:5)
  2 ice beasts (D:6)
  4 ogres
  2 phantoms
  3 sky beasts
  A slave (D:8)
  2 big kobolds
  2 elf zombies (Ossuary)
  2 bullfrogs
  A scorpion (D:5)
  5 wights
  A bullfrog zombie (D:5)
  3 crimson imps
  A quasit (D:7)
  A centaur zombie (Ossuary)
  3 hounds
  2 orc priests (D:7)
  3 human zombies (Ossuary)
  A bullfrog skeleton (D:7)
  2 iguanas
  Jessica (D:3)
  3 orc wizards
  6 worker ants
  A big kobold zombie (Ossuary)
  3 hound skeletons
  2 mummies (Ossuary)
  Robin (D:2)
  4 gnolls
  12 adders
  2 river rats (D:4)
  A shadow imp (D:7)
  4 worms (D:4)
  6 leopard geckos
  12 orcs
  3 ball pythons
  6 giant cockroaches
  16 goblins
  11 hobgoblins
  3 jackals (D:6)
  6 quokkas
  2 bats
  4 frilled lizards
  A goblin zombie (D:6)
  7 hobgoblin zombies (Ossuary)
  A jackal skeleton (D:8)
  2 jackal zombies (Ossuary)
  12 kobolds
  6 kobold zombies (Ossuary)
  13 orc zombies (Ossuary)
  A quokka zombie (D:7)
  15 rats
  3 rat zombies
219 creatures vanquished.

Vanquished Creatures (others)
  A slave (D:8)
  An ogre (D:8)
  A centaur skeleton (D:8)
  3 fulminant prisms
6 creatures vanquished.

Grand Total: 225 creatures vanquished

Notes
Turn   | Place    | Note
-------+----------+-------------------------------------------
     0 | D:1      | FrankyJ the Kobold Conjurer began the quest for the Orb.
     0 | D:1      | Reached XP level 1. HP: 10/10 MP: 3/3
   489 | D:1      | Reached XP level 2. HP: 15/15 MP: 0/5
   496 | D:1      | Learned a level 2 spell: Searing Ray
  1131 | D:1      | Reached XP level 3. HP: 19/19 MP: 6/6
  1782 | D:2      | Reached XP level 4. HP: 24/24 MP: 5/7
  2030 | D:2      | Reached skill level 5 in Dodging
  2121 | D:2      | Found a faded altar of an unknown god.
  2175 | D:2      | Found a sparkling altar of Nemelex Xobeh.
  2176 | D:2      | Found an opulent altar of Gozag.
  2379 | D:2      | Reached XP level 5. HP: 28/28 MP: 5/8
  2444 | D:3      | Noticed Robin
  2454 | D:2      | Killed Robin
  2995 | D:3      | Noticed Jessica
  3006 | D:3      | Killed Jessica
  3157 | D:3      | Learned a level 4 spell: Fulminant Prism
  3569 | D:4      | Reached XP level 6. HP: 32/32 MP: 5/11
  3651 | D:4      | Noticed a phantom
  3728 | D:5      | Entered Level 5 of the Dungeon
  3780 | D:5      | Killed a phantom
  3919 | D:4      | Noticed an ogre
  4073 | D:4      | Killed an ogre
  4073 | D:4      | Reached skill level 5 in Spellcasting
  4073 | D:4      | Reached XP level 7. HP: 36/36 MP: 9/14
  4652 | D:5      | Found a staircase to the Ecumenical Temple.
  4662 | Temple   | Entered the Ecumenical Temple
  4752 | Temple   | Learned a level 4 spell: Force Lance
  4797 | Temple   | Became a worshipper of Vehumet
  5324 | D:5      | Reached XP level 8. HP: 41/41 MP: 14/18
  5679 | D:6      | Found a sand-covered staircase.
  5686 | Ossuary  | Entered an ossuary
  5768 | Ossuary  | Reached * piety under Vehumet
  5768 | Ossuary  | Offered knowledge of Flame Tongue by Vehumet.
  5771 | Ossuary  | Learned a level 1 spell: Flame Tongue
  6569 | Ossuary  | Offered knowledge of Throw Flame by Vehumet.
  6747 | D:6      | Noticed a wyvern
  6759 | D:6      | Reached ** piety under Vehumet
  6762 | D:6      | Killed a wyvern
  6840 | D:6      | Reached skill level 5 in Conjurations
  6875 | D:6      | Reached XP level 9. HP: 45/45 MP: 18/22
  7105 | D:6      | Reached skill level 6 in Conjurations
  7130 | D:6      | Learned a level 4 spell: Iskenderun's Mystic Blast
  7197 | D:6      | Found a basalt altar of Yredelemnul.
  7209 | D:6      | Learned a level 2 spell: Throw Flame
  7426 | D:6      | Reached skill level 7 in Conjurations
  8016 | D:7      | Noticed Prince Ribbit
  8047 | D:6      | Killed Prince Ribbit
  8208 | D:6      | Reached skill level 8 in Conjurations
  8416 | D:7      | Offered knowledge of Ignite Poison by Vehumet.
  8421 | D:7      | Learned a level 3 spell: Ignite Poison
  8645 | D:7      | Reached *** piety under Vehumet
  8701 | D:7      | Reached skill level 9 in Conjurations
  8758 | D:7      | Found an ancient bone altar of Kikubaaqudgha.
  8758 | D:7      | Found a snail-covered altar of Cheibriados.
  8907 | D:7      | Got a wavering platinum amulet
  9604 | D:7      | Reached XP level 10. HP: 37/50 MP: 19/23
  9908 | D:8      | Identified the amulet of Lanam {Inacc Dex+3} (You found it on level 7 of the Dungeon)
  9919 | D:8      | Offered knowledge of Inner Flame by Vehumet.
  9965 | D:8      | Noticed Joseph
  9965 | D:8      | Noticed Pikel
 10009 | D:8      | Killed Joseph
 10009 | D:8      | Reached skill level 10 in Conjurations
 10134 | D:8      | Killed Pikel
 10134 | D:8      | Reached skill level 11 in Conjurations
 10485 | D:8      | Found a staircase to the Lair.
 10509 | Lair:1   | Entered Level 1 of the Lair of Beasts
 10595 | D:8      | HP: 2/75 [yak (2)]
 10598 | D:8      | Slain by a yak

Vault maps used:
D:1:      ncdulo_halloftheorcs, st_stairs_10
D:2:      grunt_temple_overflow_opulence, chequers_ecumenical_altar_lobes,
          dk_noncrumbling_3
D:3:      minmay_door_path, first_bread, uniq_jessica, uniq_robin
D:4:      portal_sewer_entry_e
D:5:      minmay_temple_entry_statues_pillars
D:6:      lemuel_doored_altar, enter_ossuary_4
D:7:      grunt_temple_overflow_open, uniq_prince_ribbit1
D:8:      lair_entry_dummy, the_bakery, uniq_joseph, uniq_pikel, uniq_maurice
Temple:   minmay_crystal_spiral_temple
Lair:1:   statuecave_lemuel, kennysheep_snail_temple, grunt_megastairs_5
Ossuary:  ossuary_tomb_1

Skill      XL: |  1  2  3  4  5  6  7  8  9 10 |
---------------+-------------------------------+-----
Stealth        | 3 |  3.1
Dodging        | 3 4 5 6 |  6.0
Spellcasting   | 3 5 7 9 |  9.7
Conjurations   | 5 9 11 | 11.1

Action                   |  1- 3 |  4- 6 |  7- 9 | 10-12 || total
-------------------------+-------+-------+-------+-------++-------
Melee: Dagger            |    53 |    68 |    81 |    17 ||   219
       Unarmed           |     2 |       |       |       ||     2
 Fire: Blowgun           |       |       |     1 |       ||     1
 Cast: Magic Dart        |     8 |     7 |    58 |     4 ||    77
       Searing Ray       |     8 |    37 |    98 |    18 ||   161
       Flame Tongue      |       |       |     7 |       ||     7
       Fulminant Prism   |       |       |     3 |       ||     3
       Throw Flame       |       |       |     4 |     1 ||     5
       Iskenderun's Myst |       |       |     3 |     1 ||     4
       Ignite Poison     |       |       |     1 |       ||     1
       Force Lance       |       |       |       |     5 ||     5
  Use: Scroll            |     1 |     3 |     7 |     9 ||    20
       Potion            |       |       |       |     1 ||     1
 Stab: Sleeping          |     7 |     8 |     7 |       ||    22
  Eat: Chunk             |    12 |     7 |    18 |     5 ||    42
Armor: Robe              |    18 |    11 |    33 |    14 ||    76
Dodge: Dodged            |    52 |   116 |   275 |    69 ||   512

Table legend:
 A = Spawn XP
 B = Non-spawn XP
 C = Spawn XP percentage of total XP
 D = Spawn monster count
 E = Non-spawn monster count
 F = Spawn count percentage of total count
 G = Total turns spent on level
                    A         B        C        D         E        F      G
               +---------+---------+-------+---------+---------+-------+---------
         Total |       0 |    6297 |   0.0 |       0 |     218 |   0.0 | 10598
               +---------+---------+-------+---------+---------+-------+---------
           D:1 |       0 |      33 |   0.0 |       0 |      21 |   0.0 |  1444
           D:2 |       0 |     130 |   0.0 |       0 |      26 |   0.0 |  1081
           D:3 |       0 |      82 |   0.0 |       0 |      22 |   0.0 |   911
           D:4 |       0 |     265 |   0.0 |       0 |      21 |   0.0 |  1141
           D:5 |       0 |     595 |   0.0 |       0 |      14 |   0.0 |   715
           D:6 |       0 |    1501 |   0.0 |       0 |      24 |   0.0 |  1685
           D:7 |       0 |     843 |   0.0 |       0 |      31 |   0.0 |  1339
           D:8 |       0 |    2224 |   0.0 |       0 |      14 |   0.0 |   892
        Temple |       0 |     171 |   0.0 |       0 |       6 |   0.0 |   353
       Ossuary |       0 |     453 |   0.0 |       0 |      39 |   0.0 |  1029
               +---------+---------+-------+---------+---------+-------+---------
